 Dungeon Crawl Stone Soup version 0.25.1-2-g60ff931df9 (webtiles) character file.

Game seed: 16682029348036830777

1959 hawla the Magician (level 9, -12/96 HPs)
             Began as a Grey Draconian Conjurer on Nov 16, 2020.
             Mangled by an ogre
             ... wielding a +0 giant club
              (16 damage)
             ... on level 7 of the Dungeon.
             The game lasted 00:31:08 (8501 turns).

hawla the Magician (Grey Draconian Conjurer)        Turns: 8501, Time: 00:31:10

Health: -12/96     AC: 24    Str: 10    XL:     9   Next: 0%
Magic:  2/20       EV:  2    Int: 18    God:
Gold:   151        SH:  0    Dex: 13    Spells: 11/22 levels left

rFire    . . .     SeeInvis .   j - staff of earth
rCold    . . .     Gourm    .   (no shield)
rNeg     + + +     Faith    .   (armour unavailable)
rPois    +         Spirit   .   (helmet currently unavailable)
rElec    .         Reflect  .   (cloak currently unavailable)
rCorr    .         Harm     .   (gloves currently unavailable)
MR       .....     NoTele   +   (boots currently unavailable)
Stlth    ++........             l - amulet of magic regeneration
HPRegen  0.26/turn              (no ring)
MPRegen  0.42/turn              (no ring)

@: mighty, brilliant, tree-form, very slightly contaminated
A: (walk through water), unfitting armour, AC +12
a: no special abilities


You were on level 7 of the Dungeon.
You were not hungry.
You were a tree.
You visited 2 branches of the dungeon, and saw 8 of its levels.

You collected 351 gold pieces.
You spent 200 gold pieces at shops.

Inventory:

Missiles
 i - 6 boomerangs (quivered)
Armour
 o - a +0 cloak (melded)
Magical Staves
 j - an uncursed staff of earth (weapon)
Jewellery
 d - an uncursed amulet of regeneration
 l - an amulet of magic regeneration (around neck)
Scrolls
 c - a scroll of teleportation
 e - a scroll of enchant armour
 f - a scroll of amnesia
 h - 4 scrolls of remove curse
 p - a scroll of enchant weapon
Potions
 a - a potion of brilliance
 g - 3 potions of lignification
 k - 2 potions of flight
 q - a potion of might
Comestibles
 b - 11 rations


   Skills:
 - Level 1.0 Fighting
 - Level 1.0 Staves
 - Level 1.0 Throwing
 - Level 1.7 Dodging
 - Level 1.7 Stealth
 + Level 7.4 Spellcasting
 + Level 6.2 Conjurations
 + Level 4.1 Hexes
 + Level 4.5 Translocations
 - Level 1.0 Evocations


You had 11 spell levels left.
You knew the following spells:

 Your Spells              Type           Power        Failure   Level  Hunger
a - Magic Dart            Conj           ####         1%          1    None
b - Searing Ray           Conj           #####.       1%          2    None
c - Fulminant Prism       Conj/Hex       #####.....   12%         4    None
d - Iskenderun's Mystic   Conj/Tloc      #####...     11%         4    None

Your spell library contained the following spells:

 Spells                   Type           Power        Failure   Level  Hunger
 Dazzling Flash           Conj/Hex       #####.       3%          3    None
 Gell's Gravitas          Tloc           ####......   4%          3    None
 Confusing Touch          Hex            ####....     6%          3    None
 Petrify                  Tmut/Erth      ###.....     71%         4    None
 Metabolic Englaciation   Hex/Ice        ###.......   77%         5    None
 Yara's Violent Unravell  Hex/Tmut       ###.......   77%         5    None


Dungeon Overview and Level Annotations

Branches:
Dungeon (7/15)             Temple (1/1) D:6

Altars:
Ashenzari
Elyvilon
Kikubaaqudgha
Makhleb
Nemelex Xobeh
Okawaru
Qazlal
Ru
Sif Muna
Trog
Uskayaw
Vehumet
Wu Jian
Xom
Yredelemnul
Zin
The Shining One

Shops:
D:4 :


Innate Abilities, Weirdness & Mutations

((You can walk through water.))
((Your dull iron-grey scales are very hard. (AC +12)))
You cannot fit into any form of body armour.
((You can survive without breathing.))
((You are cold-blooded and may be slowed by cold attacks.))


Message History

Really quaff the potion of lignification?
You are stuck in your current form!
It was a potion of flight.
Your roots keep you in place.
The ogre hits you but does no damage.
The orc wizard hits you but does no damage.
It was a potion of might.
You feel very mighty all of a sudden.
The orc wizard hits you but does no damage.
The ogre hits you with a +0 giant club.
* * * LOW HITPOINT WARNING * * *
The orc wizard mumbles some strange words.
The orc wizard seems to speed up.
You barely miss the ogre.
The ogre is lightly wounded.
The orc wizard hits you but does no damage. x2
The orc priest hits you.
* * * LOW HITPOINT WARNING * * *
The orc priest calls upon Beogh to heal the orc priest.
The orc priest is healed somewhat.
The ogre hits you with a +0 giant club!
You die...

.....c..........
................
..........##.... ...
..........##..... ...
................. .o.
#................ ..#
##..............###.##
.......o#Z..#..
#.##..O♣oo_....
##....o#o..#..
#....)###.##
.....##..# ..# #....
?†... ... ....
.#...o..... ..
###.#....... ####o....
#....


You could see an ogre, 2 orc priests, 2 orc wizards, 2 orcs and a bullfrog
zombie.

Vanquished Creatures
  A hungry ghost (D:3)
  Edmund (D:6)
  2 orc warriors
  A phantom (D:5)
  A necrophage (D:7)
  A centaur (D:5)
  An ogre (D:6)
  A bullfrog (D:3)
  A gnoll sergeant (D:6)
  A scorpion (D:6)
  2 howler monkeys
  2 crimson imps
  A quasit (D:6)
  3 hounds
  3 orc priests
  A centaur skeleton (D:7)
  A jelly (D:5)
  An iguana (D:5)
  7 orc wizards
  4 worker ants
  A hound skeleton (D:6)
  4 gnolls (D:6)
  5 adders
  3 shadow imps
  An adder zombie (D:5)
  2 adder skeletons
  4 worms
  4 dart slugs
  11 leopard geckos
  17 orcs
  3 ball pythons
  8 giant cockroaches
  6 goblins
  5 hobgoblins
  7 jackals
  9 kobolds
  4 quokkas
  A ball python skeleton (D:4)
  11 bats
  2 frilled lizards
  A leopard gecko skeleton (D:6)
  A quokka skeleton (D:4)
  A quokka zombie (D:5)
  10 rats
157 creatures vanquished.

Vanquished Creatures (others)
  16 fulminant prisms
16 creatures vanquished.

Grand Total: 173 creatures vanquished

Notes
Turn   | Place    | Note
-------+----------+-------------------------------------------
     0 | D:1      | hawla the Draconian Conjurer began the quest for the Orb.
     0 | D:1      | Reached XP level 1. HP: 14/14 MP: 3/3
   412 | D:1      | Reached XP level 2. HP: 20/20 MP: 1/5
   416 | D:1      | Learned a level 2 spell: Searing Ray
   888 | D:1      | Reached skill level 3 in Spellcasting
  1325 | D:2      | Reached XP level 3. HP: 20/26 MP: 4/7
  1551 | D:2      | You fall into a shaft and drop 2 floors!
  1890 | D:3      | Reached skill level 4 in Spellcasting
  1979 | D:3      | Reached XP level 4. HP: 33/33 MP: 3/10
  1990 | D:3      | Learned a level 4 spell: Fulminant Prism
  1995 | D:3      | Learned a level 4 spell: Iskenderun's Mystic Blast
  2066 | D:3      | Noticed a bullfrog
  2074 | D:3      | Killed a bullfrog
  2255 | D:3      | Reached XP level 5. HP: 38/38 MP: 4/12
  2322 | D:3      | Noticed a hungry ghost
  2331 | D:3      | Killed a hungry ghost
  2331 | D:3      | Reached skill level 5 in Spellcasting
  2331 | D:3      | Reached XP level 6. HP: 39/45 MP: 5/14
  2613 | D:3      | Reached skill level 6 in Spellcasting
  2790 | D:3      | Found a shattered altar of Ashenzari.
  3391 | D:2      | Found a shimmering blue altar of Sif Muna.
  4198 | D:4      | Found an ancient bone altar of Kikubaaqudgha.
  4312 | D:4      | Found a sacrificial altar of Ru.
  4613 | D:4      | Found Seify's Book Boutique.
  4623 | D:4      | Bought a book of Misfortune for 200 gold pieces
  4690 | D:5      | Entered Level 5 of the Dungeon
  4745 | D:5      | Reached skill level 1 in Hexes
  4745 | D:5      | Reached skill level 1 in Translocations
  4935 | D:5      | Reached skill level 1 in Staves
  4935 | D:5      | Your scales start taking on a dull iron-grey colour.
  4935 | D:5      | Reached XP level 7. HP: 51/51 MP: 11/16
  4935 | D:5      | Gained mutation: You can survive without breathing. [Grey
                  | Draconian growth]
  4994 | D:5      | Reached skill level 1 in Evocations
  5075 | D:5      | Reached skill level 1 in Fighting
  5286 | D:5      | Reached skill level 1 in Throwing
  6118 | D:5      | HP: 3/78 [poisoned by a worker ant]
  6125 | D:5      | HP: 3/78 [poisoned by a worker ant]
  6133 | D:5      | HP: 3/78 [poisoned by a worker ant]
  6434 | D:5      | Reached skill level 5 in Conjurations
  6747 | D:6      | Reached XP level 8. HP: 59/59 MP: 12/18
  7214 | D:6      | Noticed Edmund
  7227 | D:6      | Killed Edmund
  7227 | D:6      | Reached skill level 7 in Spellcasting
  7363 | D:6      | Found an iron altar of Okawaru.
  7543 | D:6      | Found a staircase to the Ecumenical Temple.
  7557 | Temple   | Entered the Ecumenical Temple
  8080 | D:6      | Found an ornate altar of the Wu Jian Council.
  8460 | D:7      | Found a hide-covered altar of Uskayaw.
  8460 | D:7      | Noticed a +0 hand axe
  8460 | D:7      | Noticed a +0 dagger
  8477 | D:7      | Found a radiant altar of Vehumet.
  8498 | D:7      | Reached XP level 9. HP: 8/64 MP: 0/20
  8501 | D:7      | HP: 4/96 [orc priest (3)]
  8501 | D:7      | Mangled by an ogre

Illustrated notes

Levels and vault maps discovered:
D:1:      co_arrival_random_square_maze, layout_basic, chequers_mini_garden
D:2:      layout_rooms, overflow_temple_1_default
D:3:      layout_loops_ring, lemuel_round_altar, first_ration,
          cheibrodos_sewer_entry_bend
D:4:      layout_loops_ring, hangedman_ru_absence,
          nicolae_overflow_crystal_walls, serial_shops,
          nicolae_shop_temple_entry_statues_fountains, hex_large
D:5:      layout_rooms, minmay_misc_feat_diagonals, minivault_23,
          glass_columns_b
D:6:      layout_basic, marbit_many_paths, kennysheep_mini,
          minmay_temple_entry_offerings, uniq_edmund
D:7:      layout_cave_pools, vehumet_crystals, dancing_weapons_uskayaw,
          nicolae_ossuary_entry_giza
Temple:   jpeg_temple_island

Skill      XL: |  1  2  3  4  5  6  7  8 |
---------------+-------------------------+-----
Spellcasting   | 3 4 5 6 7 |  7.4
Hexes          | 1 2 4 |  4.1
Translocations | 1 2 4 |  4.5
Staves         | 1 |  1.0
Evocations     | 1 |  1.0
Fighting       | 1 |  1.0
Throwing       | 1 |  1.0
Conjurations   | 5 6 |  6.2
Dodging        | |  1.7
Stealth        | |  1.7

Action                   |  1- 3 |  4- 6 |  7- 9 || total
-------------------------+-------+-------+-------++-------
Melee: Unarmed           |     9 |       |       ||     9
       Staff             |       |     3 |    36 ||    39
       Tailslap          |       |       |     3 ||     3
Throw: Boomerang         |       |       |     2 ||     2
 Cast: Magic Dart        |    53 |    50 |    56 ||   159
       Searing Ray       |    19 |    47 |    44 ||   110
       Fulminant Prism   |       |       |    16 ||    16
  Use: Scroll            |     6 |     4 |     5 ||    15
       Potion            |       |       |     8 ||     8
  Eat: Chunk             |     4 |     9 |     8 ||    21
       Ration            |       |     1 |     2 ||     3
Armor: Skin              |     6 |    14 |    65 ||    85
Dodge: Dodged            |    24 |    34 |    78 ||   136
